 Dungeon Crawl Stone Soup version 0.22.1-2-g9c5b331 (webtiles) character file.

25 diana the Vexing (level 2, 0/15 HPs)
             Began as a Deep Elf Enchanter on Dec 26, 2018.
             Slain by a leopard gecko (4 damage)
             ... on level 2 of the Dungeon.
             The game lasted 00:03:37 (2084 turns).

diana the Vexing (Deep Elf Enchanter)               Turns: 2084, Time: 00:03:38

Health: 0/15       AC:  2    Str:  5    XL:     2   Next: 86%
Magic:  2/8        EV: 13    Int: 19    God:
Gold:   70         SH:  0    Dex: 15    Spells: 4/7 levels left

rFire    . . .     SeeInvis .   l - +0 dagger (vamp)
rCold    . . .     Gourm    .   (no shield)
rNeg     . . .     Faith    .   b - +0 robe
rPois    .         Spirit   .   (no helmet)
rElec    .         Reflect  .   (no cloak)
rCorr    .         Harm     .   (no gloves)
MR       .....                  (no boots)
Stlth    +++.......             (no amulet)
HPRegen  0.05/turn              (no ring)
MPRegen  0.11/turn              (no ring)

@: no status effects
A: no striking features
a: no special abilities


You were on level 2 of the Dungeon.
You were not hungry.

You visited 1 branch of the dungeon, and saw 2 of its levels.

You collected 70 gold pieces.

Inventory:

Hand Weapons
 a - a +1 dagger
 l - a +0 vampiric dagger (weapon)
Armour
 b - a +0 robe (worn)
Jewellery
 g - an uncursed ring of positive energy {unknown}
Scrolls
 c - a scroll of enchant weapon {unknown}
 e - 5 scrolls of identify {unknown}
 f - a scroll of fear {unknown}
 h - 2 scrolls of teleportation {unknown}
Potions
 i - a potion of brilliance {unknown}
 j - a potion of mutation {unknown}
 k - 2 potions of berserk rage {unknown}
Comestibles
 d - 2 rations


   Skills:
 + Level 1.4 Short Blades
 + Level 2.8 Dodging
 + Level 4.0 Stealth
 + Level 3.4 Spellcasting
 + Level 4.3 Hexes


You had 4 spell levels left.
You knew the following spells:

 Your Spells              Type           Power        Failure   Level  Hunger
a - Corona                Hex            ###....      2%          1    None
b - Ensorcelled Hibernat  Hex/Ice        ##....       9%          2    ##.....

Your spell library contained the following spells:

 Spells                   Type           Power        Failure   Level  Hunger
 Confuse                  Hex            ###.....     8%          3    ###....
 Tukima's Dance           Hex            ###.....     8%          3    ###....
 Dazzling Spray           Conj/Hex       ##....       19%         3    ###....


Dungeon Overview and Level Annotations

Branches:
Dungeon (2/15)

Altars:


Message History

Press: ? - help, Shift-Dir - straight line, f - leopard gecko
Aim: a leopard gecko (clinging, chance to defeat MR: 60%)
The leopard gecko resists with significant effort.
The leopard gecko barely misses you. x2
Casting: Ensorcelled Hibernation (safe; 9% risk of failure)
Confirm with . or Enter, or press ? or * to list all spells.
Aiming: Ensorcelled Hibernation (safe; 9% risk of failure)
Press: ? - help, Shift-Dir - straight line, f/p - leopard gecko
Aim: a leopard gecko (clinging, chance to defeat MR: 60%)
The leopard gecko resists with significant effort.
The leopard gecko bites you.
* * * LOW HITPOINT WARNING * * *
Casting: Ensorcelled Hibernation (safe; 9% risk of failure)
Confirm with . or Enter, or press ? or * to list all spells.
Aiming: Ensorcelled Hibernation (safe; 9% risk of failure)
Press: ? - help, Shift-Dir - straight line, f/p - leopard gecko
Aim: a leopard gecko (clinging, chance to defeat MR: 60%)
The leopard gecko resists with significant effort.
The leopard gecko bites you.
You die...

#.####.###
#.# #.# #.#
#.# +.+ #.#
#.####.##+#.#
#...........#
#.####.##+#.#
#.#..#.#..#.#
#.#l.+.'..#.#
#.#@##.####.#
#...........#
#.#'##.####.#
#.#..#.# #.#
#.#).+.+ #.#
#.####.# #.#
#.. ... ..#
#.# #.# #.#
#. .#


You could see a leopard gecko.

Vanquished Creatures
  A worm (D:2)
  A leopard gecko (D:1)
  5 bats (D:1)
  2 giant cockroaches (D:1)
  A goblin (D:1)
  A hobgoblin (D:1)
  A quokka (D:2)
  A ball python (D:1)
  2 frilled lizards (D:1)
  2 kobolds (D:1)
  5 rats (D:1)
22 creatures vanquished.

Notes
Turn   | Place    | Note
-------+----------+-------------------------------------------
     0 | D:1      | diana the Deep Elf Enchanter began the quest for the Orb.
     0 | D:1      | Reached XP level 1. HP: 10/10 MP: 6/6
   675 | D:1      | Reached XP level 2. HP: 15/15 MP: 8/8
   863 | D:1      | Learned a level 2 spell: Ensorcelled Hibernation
  2084 | D:2      | Slain by a leopard gecko

Skill      XL: |  1  2 |
---------------+-------+-----
Stealth        | 4 |  4.0
Short Blades   | |  1.4
Dodging        | |  2.8
Spellcasting   | |  3.4
Hexes          | |  4.3

Action                   || total
-------------------------++-------
Melee: Dagger            ||    95
 Cast: Corona            ||     6
       Ensorcelled Hiber ||    12
 Stab: Sleeping          ||    11
  Eat: Chunk             ||     4
       Ration            ||     2
Armor: Robe              ||    32
Dodge: Dodged            ||   118
